 Dungeon Crawl Stone Soup version 0.19-a0-1057-g15bb84d (webtiles) character file.

1120 4thArraOfDagon the Destroyer (level 7, -3/55 HPs)
             Began as a Demigod Wanderer on Aug 2, 2016.
             Slain by a sky beast (5 damage)
             ... on level 6 of the Dungeon.
             The game lasted 00:14:31 (2245 turns).

4thArraOfDagon the Destroyer (Demigod Wanderer)     Turns: 2245, Time: 00:14:32

Health: -3/55      AC:  4    Str: 14    XL:     7   Next: 88%
Magic:  4/40       EV: 11    Int: 20    God:
Gold:   111        SH:  0    Dex: 16    Spells: 3 memorised, 5 levels left

rFire  . . .     SeeInvis .     t - staff of power {!a}
rCold  + . .     Gourm    .     d - +0 robe
rNeg   . . .     Faith    .     (no shield)
rPois  .         Spirit   .     (no helmet)
rElec  .         Dismiss  .     N - +0 cloak
rCorr  .         Reflect  .     v - +0 pair of gloves
SustAt +         Harm     .     (no boots)
MR     .....                    (no amulet)
Stlth  +++.......               I - ring of protection from cold
                                i - ring of magical power

@: very slightly contaminated, not resistant to hostile enchantments, fairly
stealthy
A: high mp 1, sustain attributes
a: no special abilities


You were on level 6 of the Dungeon.
You were near starving.

You visited 1 branch of the dungeon, and saw 6 of its levels.
You also visited: Sewer.

You collected 111 gold pieces.

Inventory:

Hand Weapons
 e - a +0 dagger
 g - a +1 mace
Missiles
 n - a throwing net (quivered)
 r - 2 tomahawks of returning
Armour
 d - a +0 robe (worn)
 v - a +0 pair of gloves (worn)
 D - the +0 ring mail of Peucen {rElec}
   (You found it on level 5 of the Dungeon)

   It insulates you from electricity.
 H - a cursed +0 leather armour
 N - a +0 cloak (worn)
Magical Staves
 t - an uncursed staff of power (weapon) {!a}
Jewellery
 i - a ring of magical power (left hand)
 k - an uncursed ring of protection from fire
 I - a ring of protection from cold (right hand)
Wands
 w - a wand of iceblast (0/15)
 y - a wand of flame (17/48)
Scrolls
 h - 5 scrolls of magic mapping
 j - 4 scrolls of remove curse
 l - 2 scrolls of noise
 o - 2 scrolls of fog
 x - a scroll of random uselessness
 A - a scroll of teleportation
 B - a scroll of identify {unknown}
 F - a scroll of enchant weapon
 G - a scroll of immolation {unknown}
 L - 2 scrolls of blinking
 R - a scroll of recharging {unknown}
Potions
 c - a potion of curing
 m - 2 potions of flight {unknown}
 p - a potion of degeneration {unknown}
 u - 2 potions of haste {unknown}
 C - a potion of heal wounds {unknown}
 J - a potion of mutation {unknown}
 M - a potion of cure mutation {unknown}
 O - a potion of brilliance {unknown}
 P - 4 potions of magic {unknown}
 Q - 3 potions of might {unknown}
Books
 a - a book of Conjurations

   Spells                             Type                      Level
   a - Magic Dart                     Conjuration                  1
   b - Searing Ray                    Conjuration                  2
   c - Dazzling Spray                 Conjuration/Hexes            3
   d - Fulminant Prism                Conjuration/Hexes            4
   e - Iskenderun's Mystic Blast      Conjuration                  4
   f - Iskenderun's Battlesphere      Conjuration/Charms           5
 b - Sif Muna's Handbook of Creation

   Spells                             Type                      Level
   a - Summon Butterflies             Summoning                    1
   b - Recall                         Summoning/Translocation      3
Comestibles
 f - 4 bread rations
 q - a slice of pizza
 s - 4 fruits
 z - 4 meat rations
 K - a beef jerky


   Skills:
 - Level 2.0 Fighting
 - Level 1.0 Staves
 - Level 3.6 Stealth
 + Level 4.0 Spellcasting
 * Level 8.4 Conjurations


You had 5 spell levels left.
You knew the following spells:

 Your Spells              Type           Power        Failure   Level  Hunger
a - Magic Dart            Conj           ####         1%          1    None
b - Iskenderun's Mystic   Conj           #####...     6%          4    ####...
c - Fulminant Prism       Conj/Hex       ###.......   24%         4    ####...


Dungeon Overview and Level Annotations

Branches:
Dungeon (6/15)
 Temple: D:4-7

Annotations:
D:4 Eustachio
D:5 Edmund


Innate Abilities, Weirdness & Mutations

You have an increased reservoir of magic. (+10% MP)
Your attributes are resistant to harm.


Message History

You feel sick.
You feel sick.
You see here an adder corpse.
You feel sick.
You are no longer poisoned.
A sky beast appears from thin air!
Reactivating autopickup.
Casting: Iskenderun's Mystic Blast
Confirm with . or Enter, or press ? or * to list all spells.
Aiming: Iskenderun's Mystic Blast
Press: ? - help, Shift-Dir - straight line, f - sky beast
Aim: a sky beast (severely wounded)
The orb of energy hits the sky beast.
The sky beast is almost dead.
The orb of energy explodes!
You are near starving!
The sky beast hits you.
* * * LOW HITPOINT WARNING * * *
The sky beast shocks you.
You die...

*,* *,,,#,,,* ####.#..P.P.#
*,* **,,#.,** #........#
*,********,,.### #.#.....##
*,,,,,**,,,,,..# #.#######
*****,**,****#.# #.# *,.,,..*
#.######.# *,*.##.* #......#.#
*,*,...* #.###..#.#
*,***#.#####.@Y...#.######****
*,####.......##§...........,,,
*,.........#.###..#.#######***
******####.......†...#.# * ,,*
##...#......#.# *,*
#...########.# ,,* #...# #.#
### #...###***##.# ..#
#..(......#*.# ****


You could see a sky beast.

Vanquished Creatures
  2 sky beasts (D:6)
  2 ogres
  A phantom (D:5)
  A necrophage (D:6)
  2 giant frogs (Sewer)
  A giant frog zombie (D:6)
  A howler monkey (D:5)
  2 centaur zombies
  An orc wizard (D:5)
  An iguana (D:6)
  A worker ant (D:6)
  A worker ant zombie (D:3)
  12 adders
  3 river rats (Sewer)
  4 oozes
  3 dart slugs
  3 giant geckos
  5 orcs
  14 ball pythons (Sewer)
  5 bats
  A giant cockroach (D:3)
  5 goblins
  6 hobgoblins
  2 jackals (D:3)
  5 kobolds
  2 quokkas
  A giant gecko zombie (D:6)
  7 giant newts
  26 rats
120 creatures vanquished.

Vanquished Creatures (others)
  5 fulminant prisms
  7 plants (D:6)
12 creatures vanquished.

Grand Total: 132 creatures vanquished

Notes
Turn   | Place    | Note
-------+----------+-------------------------------------------
     0 | D:1      | 4thArraOfDagon the Demigod Wanderer began the quest for the Orb.
     0 | D:1      | 4thArraOfDagon set off with: a book of Conjurations, Sif Muna's Handbook of Creation, a potion of curing, a +0 robe, a +0 dagger, a bread ration
     0 | D:1      | Reached XP level 1. HP: 14/14 MP: 3/3
     0 | D:1      | Identified Sif Muna's Handbook of Creation
    50 | D:1      | Reached skill level 1 in Fighting
    94 | D:1      | Reached XP level 2. HP: 14/24 MP: 4/4
   142 | D:1      | Learned a level 1 spell: Magic Dart
   284 | D:2      | Found an ancient bone altar of Kikubaaqudgha.
   473 | D:2      | Reached XP level 3. HP: 29/29 MP: 5/5
   655 | D:3      | Reached skill level 5 in Conjurations
   746 | D:3      | Reached XP level 4. HP: 24/36 MP: 7/7
   828 | D:4      | Reached skill level 1 in Spellcasting
   849 | D:4      | Noticed Eustachio
  1156 | D:4      | Noticed an ogre
  1166 | D:4      | Killed an ogre
  1166 | D:4      | Reached XP level 5. HP: 41/41 MP: 10/10
  1173 | D:4      | Learned a level 4 spell: Iskenderun's Mystic Blast
  1255 | D:5      | Entered Level 5 of the Dungeon
  1255 | D:5      | Found a hide-covered altar of Uskayaw.
  1285 | D:5      | Got a brightly glowing ring mail
  1296 | D:5      | Identified the cursed +0 ring mail of Peucen {rElec} (You found it on level 5 of the Dungeon)
  1317 | D:5      | Noticed an ogre
  1320 | D:5      | Killed an ogre
  1320 | D:5      | Reached skill level 6 in Conjurations
  1341 | D:5      | Reached XP level 6. HP: 48/48 MP: 12/12
  1350 | D:5      | Learned a level 4 spell: Fulminant Prism
  1408 | D:5      | Found a sacrificial altar of Ru.
  1483 | D:5      | Noticed Edmund
  1537 | D:6      | Reached skill level 7 in Conjurations
  1704 | D:5      | Reached XP level 7. HP: 52/55 MP: 14/14
  1739 | D:5      | Found a shadowy altar of Dithmenos.
  1768 | D:5      | Found a glowing drain.
  1801 | Sewer    | Entered a sewer
  2097 | D:6      | Reached skill level 8 in Conjurations
  2107 | D:6      | Found a basalt altar of Yredelemnul.
  2245 | D:6      | HP: 2/55 [sky beast (3)]
  2245 | D:6      | Slain by a sky beast

Vault maps used:
D:1:      eino_arrival_tree_alley, serial_forest, infiniplex_forest_clump_C,
          infiniplex_forest_clump_diagonal, infiniplex_forest_end_2,
          infiniplex_forest_end_2, infiniplex_forest_lined_4_way,
          infiniplex_forest_straight_3
D:2:      nicolae_tso_swordbearing_angel, kiku_gazebo_garden_becter, first_bread
D:3:      nicolae_overflow_crystal_walls
D:4:      uniq_eustachio
D:5:      nicolae_ru_the_path_less_chosen, nicolae_dithmenos_the_darkroom,
          portal_sewer_entry_f, basic_altar, minivault_27, uniq_edmund
D:6:      fedhas_altar_decomposition, yredelemnul_altar_generic, xom_redecorated
Sewer:    sewer_minmay_w

Skill      XL: |  1  2  3  4  5  6  7 |
---------------+----------------------+-----
Fighting       | 1 2 |  2.0
Conjurations   | 5 6 7 8 |  8.4
Spellcasting   | 1 2 3 4 |  4.0
Staves         | |  1.0
Stealth        | |  3.6

Action                   |  1- 3 |  4- 6 |  7- 9 || total
-------------------------+-------+-------+-------++-------
Melee: Mace              |    52 |       |       ||    52
       Staff             |     7 |       |    11 ||    18
Throw: Throwing net      |       |     2 |       ||     2
 Cast: Magic Dart        |    61 |    49 |    65 ||   175
       Iskenderun's Myst |       |    18 |    17 ||    35
       Fulminant Prism   |       |       |     5 ||     5
Evoke: Wand              |       |     3 |     3 ||     6
  Use: Scroll            |       |     7 |     2 ||     9
 Stab: Sleeping          |     5 |       |       ||     5
  Eat: Chunk             |     2 |     6 |     6 ||    14
       Beef jerky        |       |     1 |       ||     1
Armor: Robe              |    21 |     6 |    11 ||    38
Dodge: Dodged            |    60 |    13 |    52 ||   125
